 Dungeon Crawl Stone Soup version 0.8.0-151-ga56b52c character file.

2552150 Demos the Petrodigitator (level 27, 207/207 HPs)
             Began as a Deep Dwarf Earth Elementalist on May 18, 2011.
             Was the Champion of Makhleb.
             Escaped with the Orb
             ... and 5 runes (of 5 types) on May 21, 2011!
             The game lasted 17:39:00 (95788 turns).

Demos the Petrodigitator (DDEE)                    Turns: 95788, Time: 17:39:00

HP 207/207       AC 18     Str 13 Exp: 27/1368776 (60811)
MP  42/42        EV 20     Int 31      God: Makhleb [******]
Gold 4762        SH 22     Dex 11      Spells: 14 memorised,  1 level left

Res.Fire  : + + .   See Invis. : +   F - staff of energy
Res.Cold  : + . .   Warding    : . . D - +2 robe {rC+ rF+}
Life Prot.: + . .   Conserve   : +   w - +3 buckler {AC+3}
Res.Acid. : + + .   Res.Corr.  : +   r - +2 wizard hat {Int+3} {Gastronok}
Res.Poison: +       Clarity    : .   R - +2 cloak {rCorr, Cons}
Res.Elec. : .       Spirit.Shd : .   b - +2 pair of gloves "Namiab" {+Lev Dam+2 SIn
Sust.Abil.: . .     Stasis     : .   Z - +2 pair of boots
Res.Mut.  : .       Ctrl.Telep.: .   O - amulet of resist corrosion
Res.Rott. : .       Levitation : +   P - ring of protection from fire
Saprovore : . . .   Ctrl.Flight: +   g - ring of the Moon {rPois Stlth++}

@: non-regenerating, flying (expires), extraordinarily resistant to hostile
enchantments, very stealthy
A: blurry vision 1, deformed body 1, life protection 1, sense surroundings 3,
slow healing 3, spit poison 1, Dex -2
a: Device Recharging, Spit Poison, Minor Destruction, Lesser Servant of Makhleb,
Major Destruction, Greater Servant of Makhleb, Renounce Religion, Stop
Levitating


You escaped.
You worshipped Makhleb.
Makhleb was exalted by your worship.
You were very full.

You visited 13 branches of the dungeon, and saw 82 of its levels.
You visited the Abyss 1 time.
You visited 3 portal chambers: sewer, ice cave, volcano.

You collected 8551 gold pieces.
You spent 3809 gold pieces at shops.

Inventory:

Hand weapons
 f - a -1,+0 orcish dagger (quivered)
 k - a +4 blowgun
Missiles
 S - 22 curare-tipped +6 needles
Armour
 b - the +2 pair of gloves "Namiab" (worn) {+Lev Dam+2 SInv}
   (You found it on level 6 of the Pits of Slime)

   It affects your damage-dealing abilities (+2).
   It enhances your eyesight.
   It lets you levitate.
 r - a +2 wizard hat of intelligence (worn) {Gastronok}
 w - a +3 buckler of protection (worn)
 D - a +2 robe of resistance (worn)
 I - a +6 pearl dragon armour
 R - a +2 cloak of preservation (worn)
 Z - a +2 pair of boots (worn)
Magical devices
 a - a wand of healing (6)
 c - a wand of invisibility (5)
 x - a wand of disintegration (4)
 y - a wand of teleportation (3)
 G - a wand of teleportation (7)
Comestibles
 A - a royal jelly
Scrolls
 h - 7 scrolls of blinking
 l - 6 scrolls of fog
 T - a scroll of recharging
Jewellery
 d - an uncursed ring of protection from magic
 g - the ring of the Moon (left hand) {rPois Stlth++}
   (You found it on level 23 of the Dungeon)

   [ring of poison resistance]

   It makes you much more stealthy.
 n - an uncursed ring of protection from cold
 q - an uncursed amulet of rage
 z - an uncursed ring of wizardry
 E - an uncursed ring of teleportation
 J - an uncursed ring of sustenance
 O - an amulet of resist corrosion (around neck)
 P - a ring of protection from fire (right hand)
Potions
 i - 2 potions of brilliance
 j - 4 potions of restore abilities
 o - 10 potions of heal wounds
 v - 3 potions of magic
 B - 4 potions of might
 H - 13 potions of healing
 V - a potion of resistance
Magical staves
 m - a staff of earth
 F - a staff of energy (weapon)
Orbs of Power
 p - the Orb of Zot
Miscellaneous
 e - a barnacled rune of Zot
 s - a decaying rune of Zot
 t - an abyssal rune of Zot
 u - a silver rune of Zot
 M - the horn of Geryon
 X - a slimy rune of Zot You had 60811 experience left.


   Skills:
 + Level 11 Fighting
 - Level 14 Staves
 + Level 6 Armour
 + Level 16 Dodging
 - Level 8 Stealth
 - Level 2 Stabbing
 + Level 13 Shields
 + Level 7 Traps & Doors
 + Level 15 Spellcasting
 - Level 13 Conjurations
 + Level 10 Charms
 + Level 2 Summonings
 + Level 3 Necromancy
 + Level 9 Translocations
 - Level 2 Air Magic
 * Level 27 Earth Magic
 - Level 12 Invocations
 - Level 14 Evocations


You had one spell level left.
You knew the following spells:

 Your Spells              Type           Power        Success   Level  Hunger
a - Flight                Air/Chrm       #######...   Excellent   4    None
b - Stone Arrow           Erth/Conj      #######      Perfect     3    None
c - Controlled Blink      Tloc           N/A          Fair        7    Honeycomb
d - Lee's Rapid Deconstr  Erth           #########.   Perfect     5    None
e - Shatter               Erth           #########.   Great       9    Ration
f - Apportation           Tloc           #######...   Excellent   1    None
g - Iron Shot             Erth/Conj      ########..   Excellent   6    Choko
h - Blink                 Tloc           N/A          Excellent   2    None
i - Summon Butterflies    Summ           #####....    Excellent   1    None
j - Swiftness             Air/Chrm       #######...   Excellent   2    None
k - Repel Missiles        Air/Chrm       #######...   Excellent   2    None
l - Vampiric Draining     Necr           ######....   Excellent   3    None
m - Haste                 Chrm           #######..    Great       6    Choko
n - Dispel Undead         Necr           ######...    Great       4    None

Dungeon Overview and Level Annotations

Branches:
Dungeon (27/27)            Temple (1/1) D:5             Orc (4/4) D:8
    Elf (5/5) Orc:3          Lair (8/8) D:10          Swamp (5/5) Lair:2
 Shoals (5/5) Lair:6        Slime (6/6) Lair:7         Hive (2/2) D:11
  Vault (8/8) D:15          Blade (0/1) Vault:4       Crypt (5/5) Vault:2
   Tomb (0/3) Crypt:3         Geh (0/7) Hell            Coc (0/7) Hell
    Tar (0/7) Hell            Zot (5/5) D:27
    Dis: Hell:1

Altars:
Ashenzari
Cheibriados
Elyvilon
Fedhas
Kikubaaqudgha
Makhleb
Nemelex Xobeh
Okawaru
Sif Muna
The Shining One
Trog
Vehumet
Xom
Yredelemnul
Zin
Beogh
Jiyva

Shops:
D:13: ( D:14: % D:16: + D:21: + D:25: = Orc:2: * Orc:3: ( Orc:4: /[=* Elf:4: *%(% Shoals:4: % Vault:2: [ Vault:3: ( Vault:5: %

Portals:
Hell: D:21 D:22 D:23 D:24 D:25 D:26 D:27
Abyss: D:24 D:25 D:26
Pan: D:22 D:24
Trove: Elf:4 (give 13 potions of heal wounds)


Innate Abilities, Weirdness & Mutations

You are resistant to damage.
You can recharge devices by infusing magical energy.
You resist negative energy.
You passively map a large area around you.
You do not heal naturally.
Your vision is a little blurry.
You are clumsy (Dex -2).
Armour fits poorly on your unusually shaped body.
You can spit poison.


Message History

Magic restored.
You start to feel a little slower.
You are starting to lose your buoyancy.
You feel sluggish.
There is an escape hatch in the ceiling here.
Are you sure you want to leave the Dungeon?
You have escaped!

∙∙∙∙∙∙∙∙∙▒
∙∙∙∙∙∙∙∙∙▒
∙∙∙∙∙∙∙∙∙▒
▒▒▒▒▒▒▒▒∙▒
▒▒▒▒▒▒▒▒∙▒▒▒▒▒▒▒▒


∙∙∙∙∙∙^∙∙∙∙∙∙∙∙∙∙ ▒▒▒▒▒▒▒▒∙▒▒▒▒▒▒▒▒ ▒▒▒▒▒▒▒▒∙▒▒▒▒▒▒▒▒ ∙∙∙∙∙∙∙∙@∙∙∙∙∙∙∙∙
∙∙∙∙∙∙∙∙∙∙∙∙∙∙∙∙∙ ▒▒▒▒▒▒▒▒∙▒▒▒▒▒▒▒▒ ▒▒▒▒▒▒▒▒∙▒▒▒▒▒▒▒▒ ∙∙∙∙∙∙∙∙∙∙∙∙∙∙∙∙∙
∙▒▒▒▒▒▒▒∙▒▒▒▒▒▒▒▒ ∙▒ ▒∙▒ ▒ ∙▒ ▒∙▒ ▒ ∙▒ ▒∙▒ ▒ There were no monsters in sight!

Vanquished Creatures
  the royal jelly (Slime:6)
  Khufu (Crypt:3)
  2 greater mummies
  Saint Roka (Crypt:1)
  2 ancient liches (Crypt:5)
  Boris (thrice) (Crypt:5 D:25 D:26)
  The ghost of Yunor the Anemomancer, a great HEAE (D:24)
  Geryon (Hell)
  3 golden dragons
  A Fiend (D:27)
  Xtahua (Shoals:4)
  4 liches
  23 acid blobs
  3 deep elf blademasters (Elf:5)
  A curse skull (Crypt:2)
  17 Orb Guardians (Zot:5)
  5 shadow dragons
  4 titans
  2 storm dragons
  Kirke (D:19)
  4 sphinxes
  Agnes (Shoals:5)
  Frances (Crypt:2)
  Roxanne (D:16)
  Aizul (D:15)
  Ilsuiw (Shoals:5)
  A draconian monk (Zot:5)
  3 ghouls
  6 bone dragons
  30 stone giants
  2 draconian knights (Zot:5)
  Wiglaf (Vault:4)
  6 tentacled monstrosities
  Louise (Elf:3)
  10 frost giants
  An Angel (D:20)
  Gastronok (Lair:4)
  13 azure jellies
  3 fire giants
  2 draconian annihilators (Zot:5)
  A quicksilver dragon skeleton (Vault:4)
  3 draconian shifters
  2 Cacodemons
  A green draconian (Zot:5)
  Jozef (D:11)
  A yellow draconian (Zot:5)
  7 deep elf annihilators (Elf:5)
  A purple draconian (Zot:5)
  2 deep elf death magi (Elf:5)
  A red draconian (Zot:5)
  6 deep elf sorcerers (Elf:5)
  A Green Death (Shoals:3)
  A titan zombie (Crypt:1)
  6 deep elf master archers (Elf:5)
  5 ettins
  A vampire knight (Crypt:2)
  41 yaktaur captains
  8 great orbs of eyes
  A minotaur (shapeshifter) (Vault:8)
  7 dragons
  A titan skeleton (D:24)
  2 minotaurs (D:21)
  4 ice dragons
  24 vault guards (Vault:8)
  3 sirens
  2 storm dragon skeletons
  2 death cobs
  4 death oozes (Slime:6)
  Erica (D:12)
  2 merfolk javelineers
  The ghost of nhargobange the Cleaver, a powerful HOPr of Beogh (Orc:4)
  Polyphemus (Shoals:3)
  2 anaconda zombies
  The ghost of Reptile the Conjurer, a powerful KoWz of Vehumet (Lair:2)
  A shadow dragon zombie (Abyss)
  5 merfolk aquamancers
  3 alligators (Swamp:2)
  18 hydras
  A spriggan druid (Lair:8)
  Nessos (D:12)
  5 rakshasas
  2 deep elf demonologists
  3 golden dragon skeletons
  A fire giant zombie (D:22)
  11 ogre magi
  A draconian zombie (Abyss)
  A sphinx zombie (Crypt:4)
  6 merfolk impalers
  2 deep elf high priests
  3 stone giant zombies
  Nergalle (D:15)
  10 deep trolls
  8 death yaks
  5 elves (shapeshifter)
  5 vapours (D:16)
  A deep troll (shapeshifter) (Vault:8)
  A shadow dragon skeleton (D:22)
  5 stone giant skeletons
  A sphinx skeleton (Crypt:4)
  19 centaur warriors
  9 iron golems
  2 frost giant skeletons
  10 griffons
  6 very ugly things
  A shadow wraith (Crypt:5)
  Erolcha (Elf:2)
  8 fire giant skeletons
  2 deep dwarf death knights (Abyss)
  18 deep elf knights
  76 skeletal warriors
  A death drake (shapeshifter) (D:23)
  2 ice devils
  An emperor scorpion (shapeshifter) (Vault:1)
  2 giant orange brains (Abyss)
  4 iron trolls
  2 red draconian zombies (Abyss)
  2 soul eaters
  An unseen horror (Vault:4)
  A yellow draconian zombie (Crypt:4)
  2 lindwurms (shapeshifter)
  A naga warrior (Abyss)
  A green draconian zombie (Abyss)
  10 sea snakes
  2 black draconian zombies
  22 hill giants
  A sea snake zombie (Crypt:2)
  9 harpies
  24 orc knights
  19 giant amoebae
  2 ice statues
  An alligator snapping turtle skeleton (Abyss)
  A human zombie (Crypt:2)
  A white draconian zombie (Abyss)
  A swamp dragon (Swamp:3)
  3 green draconian skeletons
  2 death yak skeletons
  4 white draconian skeletons
  The ghost of Atma the Ducker, an experienced KeMo of Okawaru (D:9)
  A grey draconian skeleton (Abyss)
  A swamp dragon (shapeshifter) (D:25)
  3 vampire magi
  A yellow draconian skeleton (Abyss)
  10 flaming corpses
  2 hellions (Abyss)
  Joseph (D:12)
  4 oklob plants (D:26)
  Urug (Swamp:2)
  7 spiny worms
  2 iron troll skeletons
  8 orc sorcerers
  9 flayed ghosts
  A sea snake skeleton (Abyss)
  A minotaur zombie (Crypt:1)
  A siren skeleton (Crypt:3)
  3 wizards
  3 shining eyes
  A statue (Vault:7)
  5 phantasmal warriors
  16 cyclopes
  5 moths of wrath
  2 fire crabs
  A Lorocyproca (Abyss)
  A hydra skeleton (Crypt:3)
  A moth of wrath (shapeshifter) (D:27)
  2 harpy zombies
  2 red wasps
  4 weapon mimics
  Maurice (D:12)
  2 shining eyes (shapeshifter)
  A harpy skeleton (Vault:6)
  A wolf spider zombie (D:18)
  A griffon zombie (Vault:4)
  A red wasp zombie (Crypt:5)
  A stone golem (Abyss)
  A cyclops (shapeshifter) (Vault:8)
  12 beasts
  4 trapdoor spiders
  A queen ant (shapeshifter) (D:24)
  A reaper (Hell)
  3 door mimics
  A stair mimic (Vault:1)
  An eye of devastation (Slime:5)
  6 large large abominations (Abyss)
  An alligator skeleton (Crypt:2)
  An elephant slug (Lair:5)
  A shop mimic (Vault:3)
  7 spiny frogs
  A spiny worm zombie (Crypt:4)
  15 hellwings
  4 dragon skeletons (Crypt:5)
  A giant toad skeleton (D:17)
  9 rock trolls
  5 black mambas
  113 ugly things
  3 orange demons
  A hill giant zombie (Abyss)
  Psyche (D:10)
  2 guardian mummies (Crypt:5)
  52 yaktaurs
  86 slime creatures
  The ghost of Atma the Insei, an experienced KeMo (D:5)
  An efreet (Vault:2)
  2 hill giant skeletons
  10 mermaids
  4 iron devils
  27 trolls
  9 spriggans (Lair:8)
  Sonja (D:13)
  2 silent spectres
  20 hydra simulacra (Swamp:5)
  9 polar bears (Port)
  A queen bee (Hive:2)
  A rock troll zombie (D:26)
  2 deep troll zombies
  4 redbacks
  11 smoke demons
  4 spriggans (shapeshifter)
  An iron troll simulacrum (Vault:6)
  A snapping turtle zombie (Crypt:4)
  A baby alligator (Swamp:2)
  4 komodo dragons
  4 bog mummies
  8 snapping turtles
  3 trolls (shapeshifter)
  23 giant toads
  A brown ooze (shapeshifter) (Vault:8)
  31 two-headed ogres
  A giant firefly (Lair:8)
  4 grizzly bears (Lair:8)
  A baby alligator (shapeshifter) (Vault:3)
  A deep dwarf scion (Abyss)
  A grizzly bear (shapeshifter) (Hell)
  2 rock troll skeletons
  17 brown oozes
  A rotting hulk (Crypt:3)
  A deep troll skeleton (Crypt:5)
  A giant toad (shapeshifter) (Vault:8)
  16 blink frogs
  A shapeshifter (Vault:4)
  A demonic crawler (Abyss)
  A red wasp simulacrum (D:19)
  2 blink frog zombies
  A baby alligator skeleton (Crypt:1)
  A snapping turtle skeleton (Crypt:1)
  2 merfolk zombies
  5 wyverns
  A lindwurm zombie (Crypt:4)
  4 sharks
  6 bumblebees (D:25)
  A swamp dragon zombie (Crypt:5)
  A hog zombie (Crypt:5)
  87 yaks
  13 deep elf conjurers
  3 swamp dragon skeletons
  12 vampires
  11 wraiths
  7 blue devils
  Eustachio (Orc:2)
  A toenail golem (Abyss)
  A fire drake zombie (Crypt:2)
  8 metal gargoyles (Hell)
  A chaos spawn (Abyss)
  7 hogs (D:19)
  A merfolk (shapeshifter) (Vault:3)
  10 golden eyes
  A steam dragon (shapeshifter) (Vault:3)
  11 hippogriffs
  10 ynoxinuls
  2 clay golems
  18 deep elf fighters
  A fire crab zombie (Crypt:1)
  35 merfolk
  A hog skeleton (Crypt:1)
  4 war dogs (D:9)
  2 shadow demons (Hell)
  2 rock worms
  3 yaktaur zombies
  Grum (D:9)
  8 hungry ghosts
  4 fire drakes
  5 neqoxecs
  16 manticores
  A giant slug zombie (Vault:5)
  A molten gargoyle (Port)
  2 soldier ants
  11 deep elf summoners
  26 vampire mosquitoes
  6 mottled dragons
  A jumping spider zombie (Crypt:4)
  2 mermaid skeletons
  2 orange crystal statues
  3 small abominations (Abyss)
  A cyclops zombie (Vault:3)
  20 necrophages
  28 insubstantial wisps
  3 yaktaur skeletons
  A manticore skeleton (Abyss)
  46 orc warriors
  11 freezing wraiths
  6 sky beasts
  12 swamp worms
  A wyvern zombie (Crypt:2)
  A cyclops skeleton (Crypt:4)
  11 deep elf priests
  8 black bears (Lair:8)
  72 ogres
  2 red devils
  An ogre (shapeshifter) (Vault:8)
  3 phantoms
  A kobold demonologist (D:18)
  A queen bee zombie (Hell)
  34 centaurs
  A giant goldfish (D:11)
  A hippogriff zombie (D:12)
  2 rock worm zombies
  A yellow wasp (D:12)
  14 ice beasts
  6 swamp drakes
  A boring beetle (Vault:8)
  3 bumblebee zombies (Hell)
  A troll skeleton (Crypt:5)
  A war dog zombie (Crypt:1)
  6 gila monsters
  A wyvern simulacrum (Crypt:5)
  The ghost of oshikia the Insei, an average DSTm (D:4)
  2 boulder beetle zombies
  11 crocodiles
  5 nagas (Abyss)
  8 wargs
  4 giant slugs
  19 deep elf magi
  35 wolves
  A war dog skeleton (Crypt:2)
  11 big kobolds
  A boring beetle zombie (D:19)
  A silver statue (Swamp:3)
  16 water moccasins
  25 giant frogs
  A water moccasin zombie (Crypt:2)
  A black bear zombie (Crypt:2)
  13 agate snails
  A giant leech (shapeshifter) (Vault:2)
  5 giant leeches
  A giant frog (shapeshifter) (Vault:3)
  3 swamp worm simulacra (Swamp:5)
  3 soldier ant zombies
  92 killer bees
  5 eyes of draining
  A draconian skeleton (Crypt:4)
  2 warg skeletons (Crypt:1)
  A lava fish (Hell)
  A giant goldfish simulacrum (Swamp:5)
  12 electric eels
  A felid zombie (Crypt:5)
  A pulsating lump (Slime:2)
  7 boulder beetles
  2 ogre zombies
  3 jellyfish
  19 wights
  A deep dwarf zombie (Crypt:3)
  13 imps
  2 goliath beetles
  4 lava snakes
  A big kobold skeleton (D:13)
  A big kobold zombie (D:12)
  A dwarf skeleton (Crypt:3)
  A quasit (D:21)
  9 big fish
  14 iron imps
  A mottled dragon skeleton (Crypt:5)
  16 hounds
  A hound zombie (Crypt:2)
  33 orc priests
  7 shadows
  A hound skeleton (D:9)
  A scorpion (D:13)
  2 orange rats (Crypt:2)
  47 orc wizards
  46 deep elf soldiers
  9 porcupines
  9 iguanas
  A worker ant zombie (Crypt:5)
  11 sheep
  An orange rat skeleton (Crypt:4)
  10 worker ants
  A big kobold simulacrum (Crypt:2)
  24 jellies
  3 boggarts (Vault:5)
  14 mummies
  14 gnolls
  21 green rats
  13 midges
  30 snakes
  2 giant centipedes
  A giant centipede zombie (D:14)
  An iguana zombie (Crypt:2)
  8 lemures
  5 flying skulls (Crypt:4)
  15 giant mites
  An iguana skeleton (D:3)
  A porcupine zombie (Crypt:2)
  A human (shapeshifter) (Vault:8)
  2 shadow imps
  2 sheep skeletons
  A snake zombie (D:8)
  27 white imps
  4 worms
  4 electric eel simulacra (Swamp:5)
  36 ufetubi
  A grey rat (Crypt:2)
  6 giant eyeballs
  A gnoll zombie (Crypt:1)
  21 giant geckos
  3 green rat skeletons
  12 oozes
  An orc (shapeshifter) (Vault:8)
  233 orcs
  17 giant cockroaches
  21 goblins
  29 hobgoblins
  39 jackals
  10 quokkas
  16 small snakes
  An ant larva zombie (Crypt:3)
  20 giant newts
  3 giant spores
  A goblin zombie (Crypt:3)
  A hobgoblin zombie (D:22)
  An illusory rakshasa (Vault:3)
  37 killer bee larvae
  44 kobolds
  A kobold (shapeshifter) (Vault:8)
  A kobold skeleton (D:4)
  48 megabats
  An orc zombie (Crypt:5)
  A quokka skeleton (Crypt:4)
  37 rats
  A rat simulacrum (Crypt:5)
  A rat skeleton (D:7)
  14 ballistomycetes
  61 butterflies
  23 fungi
  48 plants
  65 toadstools
3640 creatures vanquished.

Vanquished Creatures (collateral kills)
  Norris (Shoals:3)
  The ghost of purge the Scorcher, an awesomely powerful HuFE of Vehumet (Vault:8)
  Frederick (D:23)
  Nikola (Shoals:3)
  A curse skull (Crypt:5)
  The ghost of lingerstink the Thaumaturge, a mighty DSNe of Ashenzari (Vault:4)
  Donald (Orc:3)
  An Executioner (Shoals:3)
  A stone giant (D:24)
  The ghost of Kerbtree the Geomancer, a powerful NaEE of Vehumet (Hive:2)
  A death yak (Lair:2)
  The ghost of Zalfak the Cleaver, an experienced MDFi of Cheibriados (Lair:2)
  A stone giant zombie (Vault:4)
  A flayed ghost (Crypt:5)
  A necromancer (Vault:4)
  An oklob plant (Lair:1)
  A flaming corpse (Crypt:5)
  A yaktaur (D:23)
  A griffon skeleton (Vault:4)
  A troll (D:15)
  A komodo dragon (Lair:4)
  An ugly thing (D:23)
  3 yaks (D:15)
  A vampire (Crypt:5)
  3 merfolk (Shoals:3)
  A fire crab zombie (Vault:4)
  A komodo dragon zombie (Crypt:5)
  A necrophage (Vault:4)
  A yaktaur zombie (Vault:4)
  An orc warrior (Orc:1)
  A centaur (D:15)
  A giant leech (Lair:2)
  A giant slug (Lair:6)
  45 killer bees (Hive:2)
  A lava snake (D:24)
  An orc priest (Orc:4)
  An orc wizard (Orc:2)
  3 flying skulls (Crypt:5)
  2 green rats (Lair:6)
  A giant gecko (Lair:5)
  24 orcs
  2 jackals (Lair:4)
  A giant newt skeleton (Vault:4)
  A goblin (Orc:2)
  13 killer bee larvae (Hive:2)
  2 megabats
  A rat (Lair:5)
135 creatures vanquished.

Vanquished Creatures (others)
  A Balrug (D:23)
  4 Executioners
  A death yak (Port)
  21 slime creatures
  3 polar bears (Port)
  A redback zombie (Hell)
  A yak (Port)
  2 vampire mosquitoes (Swamp:5)
  An insubstantial wisp (Abyss)
  2 centaurs (Vault:4)
  A wolf (Port)
  A brain worm (Vault:4)
  6 small abominations
  A green rat (Crypt:2)
  A snake zombie (D:24)
  An iguana skeleton (D:14)
  A porcupine skeleton (Crypt:5)
  4 orcs
  3 jackals
  A small snake (shapeshifter) (Vault:8)
  A giant spore (D:13)
  A grey rat skeleton (Crypt:3)
  A rat (D:14)
  17 fungi
  7 plants
  74 toadstools
158 creatures vanquished.

Grand Total: 3933 creatures vanquished

Notes
Turn   | Place    | Note
--------------------------------------------------------------
     0 | D:1      | Demos, the Deep Dwarf Earth Elementalist, began the quest for the Orb.
     0 | D:1      | Reached XP level 1. HP: 11/11 MP: 3/3
   228 | D:1      | Reached skill level 5 in Earth Magic
   293 | D:1      | Reached XP level 2. HP: 17/17 MP: 3/4
   612 | D:1      | Reached skill level 6 in Earth Magic
   988 | D:1      | Reached XP level 3. HP: 24/24 MP: 5/5
  1484 | D:2      | Reached skill level 7 in Earth Magic
  1581 | D:2      | Learned a level 3 spell: Stone Arrow
  1611 | D:2      | Reached XP level 4. HP: 28/30 MP: 3/7
  2151 | D:2      | Found an iron altar of Okawaru.
  2685 | D:3      | Found a glowing drain.
  2784 | D:3      | Reached skill level 8 in Earth Magic 2851
                  | sewer
                  | Entered the sewers 2856
                  | sewer
                  | Reached XP level 5. HP: 32/37 MP: 5/8 3181
                  | sewer
                  | Reached skill level 9 in Earth Magic 3693
                  | sewer
                  | Reached XP level 6. HP: 29/43 MP: 10/11 3931
                  | sewer
                  | Reached skill level 10 in Earth Magic
  4128 | D:3      | Found a bloodstained altar of Trog.
  4462 | D:3      | Learned a level 3 spell: Passwall
  4539 | D:4      | Found a blossoming altar of Fedhas.
  4550 | D:4      | Reached XP level 7. HP: 46/50 MP: 5/12
  4761 | D:4      | Reached skill level 11 in Earth Magic
  5278 | D:4      | Reached skill level 1 in Conjurations
  5545 | D:4      | Noticed oshikia's ghost (average DSTm)
  5556 | D:4      | Defeated oshikia's ghost
  5697 | D:5      | Entered Level 5 of the Dungeon
  5697 | D:5      | Noticed Atma's ghost (experienced KeMo)
  5769 | D:5      | Found a shimmering altar of Xom.
  5809 | D:5      | Defeated Atma's ghost
  5809 | D:5      | Reached XP level 8. HP: 56/56 MP: 16/16
  5912 | D:5      | Reached skill level 12 in Earth Magic
  5930 | D:5      | Reached skill level 1 in Staves
  6028 | D:5      | Found a staircase to the Ecumenical Temple.
  6045 | Temple   | Entered the Ecumenical Temple
  6150 | Temple   | Became a worshipper of Makhleb the Destroyer
  6279 | D:5      | Reached skill level 1 in Fighting
  6546 | D:5      | Found a glowing silver altar of Zin.
  6568 | D:5      | Acquired Makhleb's first power
  6924 | D:6      | Found a deep blue altar of Sif Muna.
  7144 | D:6      | Noticed a big kobold
  7144 | D:6      | Noticed a big kobold
  7144 | D:6      | Noticed a big kobold
  7144 | D:6      | Noticed a big kobold
  7261 | D:6      | Reached skill level 1 in Traps & Doors
  7267 | D:6      | Noticed a big kobold
  7267 | D:6      | Noticed a big kobold
  7274 | D:6      | Defeated a big kobold
  7274 | D:6      | Gained mutation: You passively map the area around you.
  7274 | D:6      | Reached XP level 9. HP: 50/64 MP: 17/17
  7276 | D:6      | Defeated a big kobold
  7278 | D:6      | Defeated a big kobold
  7281 | D:6      | Defeated a big kobold
  7283 | D:6      | Defeated a big kobold
  7286 | D:6      | Defeated a big kobold
  7286 | D:6      | Acquired Makhleb's second power
  7291 | D:6      | Reached skill level 13 in Earth Magic
  7344 | D:6      | Found a white marble altar of Elyvilon.
  8060 | D:7      | Found a snail-covered altar of Cheibriados.
  8510 | D:8      | Acquired Makhleb's third power
  8569 | D:8      | Found a staircase to the Orcish Mines.
  8842 | D:8      | Acquired Makhleb's fourth power
  9063 | D:8      | Reached skill level 14 in Earth Magic
  9067 | D:8      | Reached XP level 10. HP: 73/73 MP: 17/18
  9881 | D:9      | Acquired Makhleb's fifth power
  9919 | D:9      | Noticed Atma's ghost (experienced KeMo)
  9927 | D:9      | Defeated Atma's ghost
  9982 | D:9      | Reached skill level 5 in Dodging
 10009 | D:9      | Reached skill level 5 in Stealth
 10332 | D:9      | Noticed Grum
 10342 | D:9      | Defeated Grum
 10462 | D:10     | Entered Level 10 of the Dungeon
 10524 | D:10     | Reached XP level 11. HP: 80/80 MP: 9/21
 10655 | D:10     | Found a staircase to the Lair.
 10664 | D:10     | Got a pair of bloodstained gloves
 10692 | D:10     | Identified the +2 pair of gloves of Uzasuwk (You found it on level 10 of the Dungeon)
 10715 | D:10     | Reached skill level 5 in Conjurations
 10770 | D:10     | Reached skill level 15 in Earth Magic
 10812 | D:10     | Reached skill level 1 in Evocations
 11146 | D:10     | Identified a scroll of acquirement
 11195 | Lair:1   | Entered Level 1 of the Lair of Beasts
 11398 | D:10     | Learned a level 5 spell: Lee's Rapid Deconstruction
 11582 | D:10     | Reached skill level 5 in Spellcasting
 12216 | D:10     | Noticed Psyche
 12223 | D:10     | Defeated Psyche
 12619 | Lair:1   | Reached skill level 5 in Staves
 12725 | Lair:1   | Found a glowing silver altar of Zin.
 13465 | Lair:2   | Found a staircase to the Swamp.
 13468 | Lair:2   | Reached XP level 12. HP: 81/86 MP: 18/23
 13596 | Lair:1   | Reached skill level 1 in Invocations
 13813 | Lair:2   | Noticed Zalfak's ghost (experienced MDFi)
 14090 | Lair:2   | Reached skill level 16 in Earth Magic
 14482 | Lair:2   | Noticed Reptile's ghost (powerful KoWz)
 14501 | Lair:2   | Defeated Reptile's ghost
 14516 | Lair:2   | Reached skill level 5 in Invocations
 16236 | Lair:4   | Noticed Gastronok
 16256 | Lair:4   | Defeated Gastronok
 16407 | Lair:4   | Reached skill level 10 in Invocations
 17403 | Lair:5   | Found a bloodstained altar of Trog.
 17710 | Lair:5   | Reached skill level 5 in Evocations
 17945 | Lair:6   | Reached XP level 13. HP: 94/94 MP: 27/27
 17950 | Lair:6   | Found a staircase to the Shoals.
 17993 | Lair:6   | Got an iridescent hammer
 18529 | Lair:2   | Defeated Zalfak's ghost
 19392 | Lair:7   | Found a staircase to the Slime Pits.
 19746 | Lair:7   | Reached skill level 17 in Earth Magic
 20186 | Lair:8   | Entered Level 8 of the Lair of Beasts
 21115 | Lair:8   | Reached skill level 10 in Conjurations
 21124 | Lair:8   | Identified the hammer "Famuus" {flame, Dex+1} (You found it on level 6 of the Lair of Beasts)
 22802 | D:11     | Noticed Jozef
 22813 | D:11     | Defeated Jozef
 23014 | D:11     | Found a staircase to the Hive.
 23131 | D:11     | Paralysed by a giant eyeball for 3 turns
 23151 | D:11     | Gained mutation: You resist negative energy.
 23151 | D:11     | Reached XP level 14. HP: 100/100 MP: 29/29
 23926 | D:12     | You fall through a shaft!
 23926 | D:15     | Entered Level 15 of the Dungeon
 23993 | D:15     | Reached skill level 18 in Earth Magic
 24007 | D:15     | Noticed Aizul
 24128 | D:14     | Found a bloodstained altar of Trog.
 24138 | D:14     | Found Bagud's Food Emporium.
 24347 | D:13     | Found Faebb's Antique Weapon Shop.
 24416 | D:13     | Noticed Sonja
 24451 | D:12     | Noticed Erica
 24458 | D:12     | Defeated Erica
 24463 | D:12     | Noticed Nessos
 24468 | D:12     | Defeated Nessos
 24829 | D:12     | Found a frozen archway.
 24849 | IceCv    | Entered an ice cave
 26166 | D:12     | Noticed Maurice
 26167 | D:12     | Reached skill level 1 in Stabbing
 26170 | D:12     | Defeated Maurice
 26367 | D:12     | Noticed Joseph
 26370 | D:12     | Defeated Joseph
 27343 | D:13     | Reached skill level 19 in Earth Magic
 27422 | D:13     | Defeated Sonja
 28170 | D:14     | Reached XP level 15. HP: 106/106 MP: 29/29
 29444 | Orc:1    | Entered Level 1 of the Orcish Mines
 29915 | Orc:2    | Noticed Eustachio
 29916 | Orc:2    | Defeated Eustachio
 29931 | Orc:2    | Found a roughly hewn altar of Beogh.
 30038 | Orc:2    | Found Evazez's General Store.
 30152 | Orc:2    | Bought a scroll of teleportation for 48 gold pieces
 30152 | Orc:2    | Bought a potion of speed for 40 gold pieces
 30152 | Orc:2    | Bought a potion of heal wounds for 48 gold pieces
 30335 | Orc:3    | Noticed Donald
 30345 | Orc:3    | Defeated Donald
 30508 | Orc:4    | Entered Level 4 of the Orcish Mines
 30734 | Orc:4    | Noticed a two-headed ogre
 30734 | Orc:4    | Noticed a two-headed ogre
 30735 | Orc:4    | Noticed a two-headed ogre
 30736 | Orc:4    | Defeated a two-headed ogre
 30736 | Orc:4    | Defeated a two-headed ogre
 30737 | Orc:4    | Noticed a two-headed ogre
 30737 | Orc:4    | Defeated a two-headed ogre
 30738 | Orc:4    | Noticed a two-headed ogre
 30740 | Orc:4    | Defeated a two-headed ogre
 30741 | Orc:4    | Defeated a two-headed ogre
 30761 | Orc:4    | Noticed a two-headed ogre
 30774 | Orc:4    | Defeated a two-headed ogre
 30867 | Orc:4    | Noticed a two-headed ogre
 30870 | Orc:4    | Found Isapitt's Magical Wand Shoppe.
 30871 | Orc:4    | Found Wacus' Jewellery Boutique.
 30871 | Orc:4    | Found Pooska's Armour Boutique.
 30872 | Orc:4    | Found Gheuc's General Store.
 30897 | Orc:4    | Noticed a two-headed ogre
 30899 | Orc:4    | Noticed a two-headed ogre
 30900 | Orc:4    | Defeated a two-headed ogre
 30904 | Orc:4    | Defeated a two-headed ogre
 30957 | Orc:4    | Bought an uncursed amulet of inaccuracy for 1 gold piece
 30957 | Orc:4    | Bought an uncursed ring of poison resistance for 273 gold pieces
 30959 | Orc:4    | Bought a scroll of enchant armour for 86 gold pieces
 30959 | Orc:4    | Bought a scroll of fog for 18 gold pieces
 30959 | Orc:4    | Bought a scroll of enchant weapon I for 86 gold pieces
 30959 | Orc:4    | Bought a potion of might for 45 gold pieces
 30972 | Orc:4    | Noticed a two-headed ogre
 30975 | Orc:4    | Defeated a two-headed ogre
 31007 | Orc:4    | Defeated a two-headed ogre
 31410 | Orc:4    | Noticed a cyclops
 31429 | Orc:4    | Defeated a cyclops
 31559 | Orc:4    | Noticed nhargobange's ghost (powerful HOPr)
 31569 | Orc:4    | Defeated nhargobange's ghost
 31715 | Orc:4    | Noticed a two-headed ogre
 31716 | Orc:4    | Defeated a two-headed ogre
 32037 | Orc:3    | Noticed a cyclops
 32038 | Orc:3    | Defeated a cyclops
 32070 | Orc:3    | Found a staircase to the Elven Halls.
 32095 | Orc:3    | Found Busyott's Weapon Emporium.
 32391 | Swamp:1  | Entered Level 1 of the Swamp
 32411 | Swamp:2  | Noticed Urug
 32428 | Swamp:2  | Defeated Urug
 32549 | Swamp:2  | Found a blossoming altar of Fedhas.
 33537 | D:15     | Noticed Nergalle
 33541 | D:15     | Defeated Nergalle
 34091 | D:15     | Found a staircase to the Vaults.
 34179 | D:15     | Defeated Aizul
 34264 | D:15     | Reached skill level 10 in Evocations
 34294 | D:15     | Found a blossoming altar of Fedhas.
 34775 | D:15     | Reached skill level 20 in Earth Magic
 35866 | Hive:1   | Entered Level 1 of the Hive
 35962 | Hive:2   | Entered Level 2 of the Hive
 35962 | Hive:2   | Noticed Kerbtree's ghost (powerful NaEE)
 35969 | Hive:2   | Defeated Kerbtree's ghost
 36465 | Hive:2   | Got a bloodstained falchion
 36781 | Hive:1   | Found a dark tunnel.
 36787 | Volcano  | Entered a volcano
 36965 | Volcano  | Found a burning altar of Makhleb.
 36987 | Volcano  | Reached XP level 16. HP: 108/111 MP: 15/29
 38664 | Lair:1   | Identified the falchion "Hautueq" {freeze, Int+3} (You found it on level 2 of the Hive)
 38908 | Vault:1  | Entered Level 1 of the Vaults
 39868 | Vault:2  | Found an ancient bone altar of Kikubaaqudgha.
 39868 | Vault:2  | Found a staircase to the Crypt.
 39869 | Vault:2  | Found a basalt altar of Yredelemnul.
 41226 | Vault:2  | Found Phuat's Antique Armour Shop.
 41232 | Vault:2  | Bought a dazzling robe for 188 gold pieces
 41232 | Vault:2  | Bought a tattered cloak for 198 gold pieces
 41240 | Vault:2  | Identified the +1 robe "Esorghyis" (You bought it in a shop on level 2 of the Vaults)
 41251 | Vault:2  | Identified the +1 cloak of the Thief (You bought it in a shop on level 2 of the Vaults)
 41863 | Vault:3  | Reached skill level 21 in Earth Magic
 42234 | Vault:3  | Found Guoz's Weapon Shoppe.
 43198 | Vault:4  | Noticed lingerstink's ghost (mighty DSNe)
 43219 | Vault:4  | Defeated lingerstink's ghost
 43512 | Vault:4  | Found a staircase to the Hall of Blades.
 43551 | Vault:4  | Reached XP level 17. HP: 99/117 MP: 24/30
 43585 | Vault:4  | Noticed Wiglaf
 43600 | Vault:4  | Defeated Wiglaf
 43795 | Vault:4  | Reached skill level 22 in Earth Magic
 45143 | Vault:5  | Found Gutautag's Food Shop.
 45546 | Vault:5  | Noticed a deep elf mage
 45555 | Vault:5  | Defeated a deep elf mage
 46304 | Vault:6  | Reached skill level 23 in Earth Magic
 47169 | Vault:6  | Gained mutation: You passively map a large area around you.
 47169 | Vault:6  | Reached XP level 18. HP: 126/126 MP: 31/32
 48067 | Lair:4   | Learned a level 9 spell: Shatter
 48300 | Elf:1    | Entered Level 1 of the Elven Halls
 48510 | Elf:1    | Reached skill level 24 in Earth Magic
 49261 | Elf:2    | Defeated an orc priest
 49369 | Elf:2    | Found an ancient bone altar of Kikubaaqudgha.
 49620 | Elf:2    | Noticed Erolcha
 49625 | Elf:2    | Defeated Erolcha
 50291 | Elf:3    | Noticed Louise
 50297 | Elf:3    | Defeated Louise
 50598 | Elf:3    | Gained mutation: Your muscles are strong (Str +1).
 50807 | Elf:4    | Found Benyoha's Food Emporium.
 51107 | Elf:4    | Found Xululau's Food Shop.
 51323 | Elf:4    | Found Viaqav's Weapon Emporium.
 51351 | Elf:4    | Found a portal to a secret trove of treasure.
 51378 | Elf:4    | Found Skuhaffa's General Store.
 51387 | Elf:4    | Bought a scroll of curse weapon for 1 gold piece
 51387 | Elf:4    | Bought a potion of agility for 35 gold pieces
 51490 | Elf:5    | Entered Level 5 of the Elven Halls
 51593 | Elf:5    | Reached skill level 1 in Shields
 52360 | Elf:5    | Noticed a deep elf blademaster
 52367 | Elf:5    | Noticed a deep elf master archer
 52367 | Elf:5    | Noticed a deep elf master archer
 52368 | Elf:5    | Noticed a deep elf blademaster
 52369 | Elf:5    | Defeated a deep elf blademaster
 52370 | Elf:5    | Defeated a deep elf master archer
 52370 | Elf:5    | Defeated a deep elf blademaster
 52370 | Elf:5    | Defeated a deep elf master archer
 52388 | Elf:5    | Noticed a deep elf master archer
 52389 | Elf:5    | Defeated a deep elf master archer
 52391 | Elf:5    | Reached skill level 25 in Earth Magic
 52393 | Elf:5    | Noticed a deep elf master archer
 52393 | Elf:5    | Reached skill level 10 in Dodging
 52394 | Elf:5    | Defeated a deep elf master archer
 52612 | Elf:5    | Reached XP level 19. HP: 132/132 MP: 11/32
 52811 | Elf:5    | Noticed a deep elf master archer
 52811 | Elf:5    | Defeated a deep elf master archer
 52822 | Elf:5    | Noticed a deep elf blademaster
 52824 | Elf:5    | Defeated a deep elf blademaster
 52828 | Elf:5    | Noticed a deep elf master archer
 52842 | Elf:5    | Defeated a deep elf master archer
 53081 | Elf:5    | Reached skill level 10 in Spellcasting
 53087 | Elf:5    | Got a blackened scythe
 53249 | Elf:5    | Identified the cursed +3,+5 scythe "Finisher" (You took it off a deep elf conjurer on level 5 of the Elven Halls)
 53383 | Elf:5    | Learned a level 1 spell: Apportation
 53390 | Elf:5    | Identified a +0 cloak of preservation (You found it on level 5 of the Elven Halls)
 53450 | Elf:5    | Got a torn book
 53451 | Elf:5    | Identified the Incunabulum of Conjuration and Contamination (You found it on level 5 of the Elven Halls)
 53458 | Elf:5    | Learned a level 6 spell: Iron Shot
 53718 | Elf:5    | Reached skill level 26 in Earth Magic
 54914 | Swamp:5  | Entered Level 5 of the Swamp
 54925 | Swamp:5  | Got a pitted scimitar
 55664 | Swamp:5  | Got a decaying rune of Zot
 55942 | Lair:1   | Identified the cursed +0,-2 scimitar of the Forest (You found it on level 5 of the Swamp)
 56193 | Shoals:1 | Entered Level 1 of the Shoals
 56885 | Shoals:3 | Noticed Nikola
 57003 | Shoals:3 | Noticed Norris
 57016 | Shoals:3 | Defeated Norris
 57050 | Shoals:3 | Defeated Nikola
 57213 | Shoals:3 | Reached skill level 27 in Earth Magic
 57215 | Shoals:3 | Noticed Polyphemus
 57222 | Shoals:3 | Defeated Polyphemus
 57595 | Shoals:4 | Found Ymmaece's Food Emporium.
 57881 | Shoals:4 | Noticed Xtahua
 57896 | Shoals:4 | Defeated Xtahua
 57896 | Shoals:4 | Reached XP level 20. HP: 138/138 MP: 28/35
 57970 | Shoals:4 | Reached skill level 1 in Translocations
 58484 | Shoals:5 | Entered Level 5 of the Shoals
 58484 | Shoals:5 | Noticed Mennas
 58524 | Shoals:5 | Noticed Ilsuiw
 58608 | Shoals:5 | Defeated Ilsuiw
 58703 | Shoals:5 | Noticed Agnes
 58703 | Shoals:5 | Defeated Agnes
 59008 | Shoals:5 | Got a barnacled rune of Zot
 60319 | Vault:8  | Entered Level 8 of the Vaults
 60322 | Vault:8  | Reached XP level 21. HP: 143/143 MP: 36/36
 61797 | Vault:7  | Reached skill level 5 in Translocations
 62161 | Vault:8  | Noticed a pulsating lump
 62161 | Vault:8  | A pulsating lump changed into a lindwurm
 62242 | Vault:8  | Got a crude marble ring
 62267 | Vault:8  | Learned a level 2 spell: Blink
 62289 | Vault:8  | Noticed purge's ghost (awesomely powerful HuFE)
 62300 | Vault:8  | Defeated purge's ghost
 62506 | Vault:8  | Noticed a golden dragon
 62509 | Vault:8  | Defeated a golden dragon
 62555 | Vault:8  | Noticed a deep elf high priest
 62555 | Vault:8  | Defeated a deep elf high priest
 62743 | Vault:8  | Noticed a golden dragon
 62746 | Vault:8  | Defeated a golden dragon
 62772 | Vault:8  | Learned a level 1 spell: Summon Butterflies
 62778 | Vault:8  | Lost mutation: Your muscles are strong (Str +1).
 62816 | Vault:8  | Noticed a shining eye
 62819 | Vault:8  | Defeated a shining eye
 62916 | Vault:8  | Identified the ring "Cluutior" (You found it on level 8 of the Vaults)
 62919 | Vault:8  | Got a silver rune of Zot
 62960 | Vault:7  | Reached skill level 1 in Summonings
 63100 | Vault:7  | Learned a level 2 spell: Swiftness
 63103 | Vault:7  | Learned a level 2 spell: Repel Missiles
 63106 | Vault:7  | Learned a level 2 spell: Levitation
 63111 | Vault:7  | Learned a level 4 spell: Control Teleport
 63123 | Vault:7  | Reached skill level 1 in Charms
 63134 | Vault:7  | Reached skill level 1 in Air Magic
 64459 | Crypt:1  | Entered Level 1 of the Crypt
 64637 | Crypt:1  | Reached XP level 22. HP: 147/147 MP: 36/37
 64760 | Crypt:1  | Reached skill level 10 in Staves
 64919 | Crypt:1  | Reached skill level 5 in Fighting
 65213 | Crypt:1  | Noticed Saint Roka
 65229 | Crypt:1  | Defeated Saint Roka
 65636 | Crypt:2  | Noticed Frances
 65648 | Crypt:2  | Defeated Frances
 65654 | Crypt:2  | Reached skill level 5 in Shields
 66803 | Crypt:3  | Noticed Khufu
 67132 | Crypt:3  | Defeated Khufu
 67592 | Crypt:3  | Found a staircase to the Tomb.
 68109 | Crypt:4  | Reached XP level 23. HP: 135/161 MP: 38/38
 68229 | Crypt:4  | Reached XP level 22. HP: 156/156 MP: 19/37
 68335 | Crypt:4  | Found a basalt altar of Yredelemnul.
 68502 | Crypt:5  | Entered Level 5 of the Crypt
 68512 | Crypt:5  | Reached XP level 23. HP: 161/161 MP: 38/38
 68514 | Crypt:5  | Noticed Boris
 68909 | Crypt:5  | Defeated Boris
 70375 | Crypt:5  | Reached skill level 5 in Traps & Doors
 70379 | Crypt:5  | Defeated a lich
 70654 | Crypt:5  | Reached skill level 1 in Armour
 70854 | Crypt:5  | Found an ancient bone altar of Kikubaaqudgha.
 70856 | Crypt:5  | Noticed a lich
 70863 | Crypt:5  | Defeated a lich
 70864 | Crypt:5  | Noticed an ancient lich
 70865 | Crypt:5  | Gained mutation: You can spit poison.
 70868 | Crypt:5  | Defeated an ancient lich
 71012 | Crypt:5  | Noticed an ancient lich
 71018 | Crypt:5  | Defeated an ancient lich
 72621 | Swamp:1  | Reached skill level 5 in Armour
 72726 | Lair:1   | Learned a level 8 spell: Lehudib's Crystal Spear
 73182 | D:16     | Noticed Roxanne
 73211 | D:16     | Defeated Roxanne
 73664 | D:16     | Found Naikipt's Book Emporium.
 73674 | D:16     | Bought a book of the Sky for 780 gold pieces
 73674 | D:16     | Bought a book of the Warp for 1080 gold pieces
 73918 | D:16     | Defeated a vapour
 73966 | D:16     | Noticed a vapour
 73966 | D:16     | Noticed a vapour
 73972 | D:16     | Defeated a vapour
 73986 | D:16     | Defeated a vapour
 73990 | D:16     | Got a sparkling glass ring
 73997 | D:16     | Got a crystal quarterstaff
 73999 | D:16     | Identified the ring "Luqen" (You found it on level 16 of the Dungeon)
 74000 | D:16     | Identified the +5,+1 quarterstaff "Biuloveaq" (You found it on level 16 of the Dungeon)
 74034 | D:16     | Noticed a vapour
 74039 | D:16     | Defeated a vapour
 74042 | D:16     | Noticed a vapour
 74055 | D:16     | Defeated a vapour
 74328 | Lair:1   | Learned a level 4 spell: Flight
 74336 | Lair:1   | Learned a level 7 spell: Controlled Blink
 75032 | D:17     | Reached XP level 24. HP: 170/170 MP: 30/39
 76601 | D:20     | Entered Level 20 of the Dungeon
 76891 | D:20     | Found a glowing golden altar of the Shining One.
 78022 | D:19     | Noticed Kirke
 78030 | D:19     | Defeated Kirke
 78317 | D:21     | Found a gateway to Hell.
 78317 | D:21     | Found Coshrel's Book Shoppe.
 78327 | D:21     | Bought a book of Wizardry for 480 gold pieces
 78338 | D:21     | Learned a level 6 spell: Haste
 78864 | D:21     | Noticed a deep elf summoner
 78869 | D:21     | Defeated a deep elf summoner
 79363 | Hell     | Entered the Vestibule of Hell
 79363 | Hell     | Noticed Geryon
 79729 | D:21     | Reached skill level 5 in Charms
 79743 | Hell     | Defeated Geryon
 79743 | Hell     | Reached XP level 25. HP: 176/176 MP: 21/40
 80027 | Hell     | Found a gateway to the freezing wastes of Cocytus.
 80279 | Hell     | Found a gateway to the ashen valley of Gehenna.
 80353 | Hell     | Found a gateway to the decaying netherworld of Tartarus.
 81453 | D:22     | Found a one-way gate leading to the halls of Pandemonium.
 81848 | D:23     | Noticed Frederick
 81858 | D:23     | Defeated Frederick
 81983 | D:23     | Got an ancient amber ring
 81984 | D:23     | Identified the ring of the Moon (You found it on level 23 of the Dungeon)
 82964 | D:24     | Noticed Yunor's ghost (great HEAE)
 82975 | D:24     | Defeated Yunor's ghost
 83021 | D:24     | Found a one-way gate to the infinite horrors of the Abyss.
 83557 | D:25     | Entered Level 25 of the Dungeon
 83557 | D:25     | Found Ceul's Jewellery Boutique.
 83559 | D:25     | Bought an uncursed amulet of controlled flight for 402 gold pieces
 83829 | D:25     | Reached XP level 26. HP: 185/185 MP: 40/40
 83844 | D:25     | Reached skill level 10 in Shields
 84048 | D:25     | Noticed Boris
 84057 | D:25     | Reached skill level 15 in Spellcasting
 84059 | D:25     | Defeated Boris
 84151 | D:25     | Reached skill level 15 in Dodging
 85067 | D:26     | Noticed Boris
 85071 | D:26     | Defeated Boris
 85749 | D:27     | Entered Level 27 of the Dungeon
 85848 | D:27     | Found a blossoming altar of Fedhas.
 86284 | D:27     | Noticed a shining eye
 86286 | D:27     | Defeated a shining eye
 87550 | Slime:1  | Entered Level 1 of the Pits of Slime
 88000 | Slime:3  | Reached XP level 27. HP: 196/196 MP: 35/42
 88229 | Slime:3  | Paralysed by a giant eyeball for 3 turns
 88579 | Slime:6  | Entered Level 6 of the Pits of Slime
 88734 | Slime:6  | Gained mutation: You are clumsy (Dex -1).
 88741 | Slime:6  | Gained mutation: Armour fits poorly on your unusually shaped body.
 88768 | Slime:6  | Reached skill level 10 in Fighting
 88906 | Slime:6  | Found a viscous altar of Jiyva.
 88906 | Slime:6  | Noticed the royal jelly
 89296 | Slime:6  | Defeated the royal jelly
 89337 | Slime:6  | Got a pair of heavily runed gloves
 89368 | Slime:6  | Got a green glowing staff
 89389 | Slime:6  | Got a slimy rune of Zot
 89408 | Slime:6  | Identified the +2 pair of gloves "Namiab" (You found it on level 6 of the Pits of Slime)
 89443 | Slime:6  | Learned a level 3 spell: Vampiric Draining
 89448 | Slime:6  | Learned a level 4 spell: Dispel Undead
 89671 | Lair:1   | Identified the Staff of Olgreb {rPois} (You found it on level 6 of the Pits of Slime)
 90159 | Abyss    | Entered The Abyss
 90241 | Abyss    | Reached skill level 1 in Necromancy
 90450 | Abyss    | Noticed a grey draconian
 90514 | Abyss    | Noticed a stone golem
 90524 | Abyss    | Noticed a white ugly thing
 90534 | Abyss    | Defeated a stone golem
 90536 | Abyss    | Noticed a white ugly thing
 90536 | Abyss    | Noticed a white ugly thing
 90545 | Abyss    | Defeated a brown ugly thing
 90547 | Abyss    | Defeated a white ugly thing
 90576 | Abyss    | Noticed an iron devil
 90611 | Abyss    | Noticed a naga warrior
 90625 | Abyss    | Defeated a naga warrior
 90632 | Abyss    | Defeated a white ugly thing
 90666 | Abyss    | Noticed a tentacled monstrosity
 90684 | Abyss    | Defeated a tentacled monstrosity
 90927 | Abyss    | Noticed a spiny worm
 90937 | Abyss    | Defeated a spiny worm
 91026 | Abyss    | Noticed a white draconian shifter
 91031 | Abyss    | Defeated a white draconian shifter
 91154 | Abyss    | Got a brightly glowing dire flail
 91185 | Abyss    | Identified the +3,+5 dire flail of Vengeance (You found it in the Abyss)
 91319 | Abyss    | Noticed an iron devil
 91324 | Abyss    | Defeated an iron devil
 91376 | Abyss    | Noticed a deep dwarf death knight
 91380 | Abyss    | Noticed a deep dwarf scion
 91386 | Abyss    | Noticed a deep dwarf death knight
 91394 | Abyss    | Noticed a black draconian simulacrum
 91396 | Abyss    | Defeated a deep dwarf death knight
 91397 | Abyss    | Defeated a deep dwarf scion
 91402 | Abyss    | Noticed a vampire
 91409 | Abyss    | Noticed a phantom
 91415 | Abyss    | Defeated a phantom
 91422 | Abyss    | Noticed an iron devil
 91449 | Abyss    | Noticed a vampire
 91466 | Abyss    | Defeated a deep dwarf death knight
 91466 | Abyss    | Defeated a vampire
 91486 | Abyss    | Got an abyssal rune of Zot
 91528 | Abyss    | Noticed an iron devil
 91541 | Abyss    | Defeated an iron devil
 91834 | Abyss    | Noticed a cyan ugly thing
 91850 | Abyss    | Noticed a cyan ugly thing
 91853 | Abyss    | Defeated a cyan ugly thing
 91855 | Abyss    | Noticed a cyan ugly thing
 91880 | Abyss    | Defeated a cyan ugly thing
 91884 | Abyss    | Defeated a purple ugly thing
 92077 | Abyss    | Noticed a toenail golem
 92089 | Abyss    | Defeated a toenail golem
 92156 | Abyss    | Gained mutation: You are clumsy (Dex -2).
 92612 | D:24     | You pass through the gate.
 93652 | Zot:1    | Entered Level 1 of the Realm of Zot
 94179 | Zot:5    | Entered Level 5 of the Realm of Zot
 94872 | Zot:5    | Noticed an orb of fire
 94884 | Zot:5    | Noticed an orb of fire
 94889 | Zot:5    | Got the Orb of Zot
 94895 | Zot:5    | Gained mutation: Your vision is a little blurry.
 94937 | Zot:5    | Reached skill level 10 in Charms
 95788 | D:$      | Escaped with the Orb!
